 Dungeon Crawl Stone Soup version 0.26.1 (webtiles) character file.

Game seed: 13210654103153058797

69967 Marvel the Eclecticist (level 14, 0/63 HPs)
             Began as a Spriggan Enchanter on Feb 6, 2021.
             Was the Champion of Okawaru.
             Slain by a yak (20 damage)
             ... on level 4 of the Lair of Beasts on Feb 7, 2021.
             The game lasted 01:37:27 (27420 turns).

Marvel the Eclecticist (Spriggan Enchanter)        Turns: 27420, Time: 01:37:28

Health: 0/63       AC: 13    Str:  5    XL:     14   Next: 92%
Magic:  36/36      EV: 28    Int: 23    God:    Okawaru [******]
Gold:   1031       SH:  0    Dex: 17    Spells: 25/48 levels left

rFire    . . .     SeeInvis +   u - +9 dagger (venom)
rCold    . . .     Faith    .   v - +0 buckler
rNeg     . . .     Spirit   .   l - +0 troll leather armour
rPois    .         Reflect  .   X - +2 hat {Int+3}
rElec    .         Harm     .   q - +2 cloak
rCorr    .         Rampage  .   (gloves unavailable)
Will     ++...                  (boots unavailable)
Stlth    +++++.....             y - amulet of magic regeneration
HPRegen  0.60/turn              P - +4 ring of protection
MPRegen  0.50/turn              T - ring of wizardry

@: sleeping, very quick
A: very small, unfitting armour, see invisible, speed 3
a: Renounce Religion, Heroism, Finesse


You were on level 4 of the Lair of Beasts.
You worshipped Okawaru.
Okawaru was exalted by your worship.
You visited 3 branches of the dungeon, and saw 21 of its levels.

You collected 1164 gold pieces.
You spent 133 gold pieces at shops.

Inventory:

Hand Weapons
 j - a +0 hunting sling
 u - a +9 dagger of venom (weapon)
 C - a +7 dagger of speed
Missiles
 h - 55 boomerangs
 k - 795 stones
 M - 28 poisoned darts
Armour
 l - a +0 troll leather armour (worn)
 q - a +2 cloak (worn)
 v - a +0 buckler (worn)
 Q - the +0 robe of Iqimaif {rElec}
   (Okawaru gifted it to you on level 12 of the Dungeon)

   It insulates you from electricity.
 U - a +2 robe of fire resistance
 X - a +2 hat of intelligence (worn)
Jewellery
 g - a +6 ring of intelligence
 m - an uncursed amulet of guardian spirit
 p - an uncursed ring of magical power
 y - an amulet of magic regeneration (around neck)
 A - a +4 ring of evasion
 P - a +4 ring of protection (left hand)
 S - an uncursed ring of positive energy
 T - a ring of wizardry (right hand)
Wands
 b - a wand of acid (10)
 i - a wand of flame (58)
 s - a wand of iceblast (24)
 z - a wand of polymorph (41)
 L - a wand of digging (3)
 R - a wand of random effects (23)
Scrolls
 a - a scroll of magic mapping
 e - a scroll of summoning
 f - 6 scrolls of remove curse
 o - 8 scrolls of teleportation
 r - a scroll of amnesia
 D - 4 scrolls of blinking
 F - a scroll of fear
 W - 2 scrolls of identify
 Y - 3 scrolls of fog
Potions
 c - 3 potions of brilliance
 d - 8 potions of curing
 t - 3 potions of flight
 w - 4 potions of cancellation
 x - 4 potions of might
 B - 7 potions of heal wounds
 E - 2 potions of berserk rage
 H - a potion of invisibility
 K - 5 potions of magic
 N - a potion of ambrosia
 O - a potion of resistance
 V - a potion of mutation


   Skills:
 - Level 2.1 Fighting
 + Level 6.6 Short Blades
 + Level 3.0 Armour
 + Level 14.9 Dodging
 - Level 13.4 Stealth
 - Level 1.4 Shields
 + Level 17.5 Spellcasting
 + Level 15.4 Hexes
 + Level 8.9 Transmutations
 - Level 2.2 Ice Magic
 + Level 0.2 Invocations


You had 25 spell levels left.
You knew the following spells:

 Your Spells              Type           Power        Failure   Level
a - Corona                Hex            82%          0%          1
b - Ensorcelled Hibernat  Hex/Ice        100%         1%          2
c - Confusing Touch       Hex            74%          1%          3
d - Tukima's Dance        Hex            74%          1%          3
e - Ice Form              Ice/Tmut       45%          2%          4
f - Dazzling Flash        Conj/Hex       100%         1%          3
g - Cause Fear            Hex            37%          1%          4
h - Ignite Poison         Fire/Tmut/Pois 33%          2%          3

Your spell library contained the following spells:

 Spells                   Type           Power        Failure   Level
 Slow                     Hex            74%          0%          2
 Inner Flame              Hex/Fire       53%          1%          3
 Portal Projectile        Hex/Tloc       100%         1%          3
 Leda's Liquefaction      Hex/Erth       26%          1%          4
 Metabolic Englaciation   Hex/Ice        28%          1%          5
 Animate Skeleton         Necr           40%          2%          1
 Apportation              Tloc           40%          2%          1
 Foxfire                  Conj/Fire      80%          2%          1
 Summon Small Mammal      Summ           80%          2%          1
 Conjure Flame            Conj/Fire      20%          8%          3
 Sticky Flame             Conj/Fire      20%          26%         4
 Summon Lightning Spire   Summ/Air       20%          26%         4
 Bolt of Magma            Conj/Fire/Erth 10%          54%         5
 Fireball                 Conj/Fire      10%          54%         5
 Iskenderun's Battlesphe  Conj           20%          54%         5
 Summon Demon             Summ           10%          54%         5
 Ozocubu's Refrigeration  Ice            15%          80%         6
 Simulacrum               Ice/Necr       12%          91%         6
 Freezing Cloud           Conj/Ice/Air   11%          94%         6
 Iron Shot                Conj/Erth      10%          98%         6
 Orb of Destruction       Conj           10%          100%        7
 Spellforged Servitor     Conj/Summ      10%          100%        7
 Summon Hydra             Summ           10%          100%        7


Dungeon Overview and Level Annotations

Branches:
Dungeon (15/15)            Temple (1/1) D:4            Lair (5/6) D:10
 Shoals (0/4) Lair:2        Snake (0/4) Lair:2          Orc (0/2) D:12
 Vaults (0/5) D:13
  Slime: Lair:5-6    Depths: D:15

Altars:
Ashenzari
Cheibriados
Dithmenos
Elyvilon
Fedhas
Gozag
Hepliaklqana
Kikubaaqudgha
Makhleb
Nemelex Xobeh
Okawaru
Qazlal
Ru
Sif Muna
Trog
Uskayaw
Vehumet
Wu Jian
Xom
Yredelemnul
Zin
The Shining One
Beogh

Shops:
D:9 ?

Portals:
Trove: D:11 (give +3 fire dragon scales)

Annotations:
D:4 2 transporters, Marvel's ghost, novice OpWz
D:5 Eustachio
D:8 exclusion: oklob sapling
D:14 2 transporters
Lair:3 exclusion: 2 oklob plants


Innate Abilities, Weirdness & Mutations

You are very small and have problems with some larger weapons.
You are too small for most types of armour.
You have supernaturally acute eyesight. (SInv)
You cover ground extremely quickly.


Message History

Aim: a dream sheep (chance to affect: 64%)
The dream sheep looks drowsy...
The yak misses you. You block the dream sheep's attack.
The yak completely misses you. The yak gores you! The dream sheep bites you!
The helpless dream sheep fails to defend itself.
You spit the dream sheep like a pig!!!!
You kill the dream sheep!
Okawaru accepts your kill. The yak completely misses you.
The dream sheep bites you but does no damage.
The yak gores you. You block the yak's attack.
Things that are here:
a dream sheep corpse; a dream sheep corpse The dream sheep shake their wool and sparkle.
You feel drowsy...
You fall asleep.
The yak misses you. The yak completely misses you. The yak barely misses you.
The dream sheep completely misses you. The yak gores you!!
You die...

###...........#.....P............
#....#..###...#.#...........###..
#...##### ##..#.##...........##..
...#.# #...####........P##P..
..#..# #...###.#....#..####..
.##### #....##.....#######... ##
##...Y..†....### #.... .#
##..YYY†#....P####... ##
###...@Y#.##.....#P#... .#
##P##..#.#######........ .##
#P.#...### #........ ..##
#####.....## ##.......
...###.#..#...#.# ##........
.....##..##..#### #.........
............(## ##.....#..
..#...........## ##.....##.
#####......#...# ##.....####


You could see 3 yaks and 2 dream sheep.

Vanquished Creatures
  Rupert (Lair:3)
  Gastronok (D:8)
  Kirke (Lair:4)
  The ghost of mike2r the Geomancer, a journeyman GrEE of Vehumet (D:13)
  A very ugly thing (D:12)
  A vault guard (D:13)
  5 hydras
  A catoblepas (Lair:4)
  Erica (D:8)
  A boulder beetle (D:13)
  2 death knights
  A tengu warrior (D:14)
  2 centaur warriors (D:15)
  3 two-headed ogres
  Nergalle (D:12)
  5 skeletal warriors
  3 unseen horrors
  3 wizards
  2 orc knights (D:10)
  2 manticores
  8 ugly things
  3 elephants (Lair:3)
  Maurice (D:9)
  2 black mambas (Lair:2)
  10 cane toads
  4 centaur skeletons
  A torpor snail (Lair:3)
  Maggie (D:8)
  2 gargoyles
  A rime drake (Lair:4)
  7 komodo dragons
  A harpy zombie (D:14)
  A polar bear (Lair:1)
  A meliai (D:10)
  4 trolls
  8 blink frogs
  6 slime creatures
  A hornet (D:11)
  3 dream sheep (Lair:4)
  A shadow (D:13)
  5 wraiths
  61 yaks
  2 vampires
  5 wyverns
  4 basilisks
  A hog (Lair:4)
  7 vampire mosquitoes
  2 wargs
  A steam dragon (Lair:4)
  A soldier ant (D:13)
  2 acid dragons (Lair:4)
  27 water moccasins
  3 sky beasts
  12 orc warriors
  A hornet zombie (D:15)
  2 ice beasts
  4 black bears
  8 ogres
  5 wolves (Lair:1)
  A necrophage (D:7)
  17 centaurs
  2 big kobolds
  13 bullfrogs
  4 scorpions
  A wyvern zombie (D:13)
  A wyvern skeleton (D:6)
  12 killer bees
  15 wights
  11 howler monkeys
  3 electric eels
  A bullfrog zombie (D:12)
  5 centaur zombies
  8 hounds
  3 quasits
  3 jellies
  7 bullfrog skeletons
  10 orc priests
  35 orc wizards
  An iron imp (D:7)
  4 iguanas
  Terence (D:3)
  Natasha (thrice) (D:3)
  9 worker ants
  A hound zombie (D:8)
  A hound skeleton (D:8)
  A howler monkey skeleton (D:10)
  4 gnolls (D:7)
  23 adders
  2 shadow imps
  2 white imps
  2 ufetubi
  An ooze (D:3)
  An adder zombie (D:8)
  A worm (D:5)
  3 dart slugs (D:1)
  8 leopard geckos
  74 orcs
  7 bats
  3 giant cockroaches
  3 goblins
  8 hobgoblins
  7 jackals
  20 kobolds
  6 quokkas
  3 ball pythons
  2 frilled lizards (D:3)
  3 goblin skeletons (D:7)
  2 goblin zombies (D:7)
  A jackal skeleton (D:8)
  2 kobold skeletons (D:7)
  A leopard gecko zombie (D:7)
  An orc zombie (D:7)
  A quokka zombie (D:9)
  A rat (D:1)
622 creatures vanquished.

Vanquished Creatures (collateral kills)
  A blink frog (Lair:2)
1 creature vanquished.

Vanquished Creatures (others)
  2 orcs
  68 fungi
  79 plants
149 creatures vanquished.

Grand Total: 772 creatures vanquished

Notes
Turn   | Place    | Note
-------+----------+-------------------------------------------
     0 | D:1      | Marvel the Spriggan Enchanter began the quest for the Orb.
     0 | D:1      | Reached XP level 1. HP: 9/9 MP: 5/5
   705 | D:1      | Reached XP level 2. HP: 12/13 MP: 1/6
   708 | D:1      | Learned a level 2 spell: Ensorcelled Hibernation
   920 | D:1      | Reached skill level 3 in Spellcasting
  1817 | D:2      | Reached XP level 3. HP: 16/16 MP: 1/8
  2463 | D:2      | Reached skill level 1 in Ice Magic
  2463 | D:2      | Reached XP level 4. HP: 21/21 MP: 4/10
  2809 | D:3      | Noticed Terence
  2816 | D:3      | Killed Terence
  2817 | D:3      | Reached skill level 5 in Stealth
  2842 | D:2      | Reached skill level 4 in Spellcasting
  3338 | D:3      | Noticed Natasha
  3341 | D:3      | Killed Natasha
  3342 | D:3      | Reached skill level 5 in Hexes
  3342 | D:3      | Reached XP level 5. HP: 24/24 MP: 12/12
  3346 | D:3      | Learned a level 3 spell: Confusing Touch
  3545 | D:3      | Noticed Natasha
  3745 | D:4      | Found a blossoming altar of Fedhas.
  3869 | D:4      | Reached skill level 5 in Spellcasting
  3869 | D:4      | Reached XP level 6. HP: 25/28 MP: 7/14
  4000 | D:4      | Found a transporter.
  4000 | D:4      | Noticed Marvel's ghost (novice OpWz)
  4003 | D:4      | Found a transporter.
  4017 | D:4      | Found a staircase to the Ecumenical Temple.
  4470 | D:4      | Learned a level 3 spell: Tukima's Dance
  4840 | D:5      | Entered Level 5 of the Dungeon
  4840 | D:5      | Noticed Eustachio
  4870 | Temple   | Entered the Ecumenical Temple
  5740 | D:6      | Reached XP level 7. HP: 10/32 MP: 16/16
  6107 | D:5      | Found a hazy altar of Hepliaklqana.
  6107 | D:5      | Found an ornate altar of the Wu Jian Council.
  6107 | D:5      | Found a basalt altar of Yredelemnul.
  6505 | D:3      | Killed Natasha
  6556 | D:3      | Reached skill level 6 in Spellcasting
  6613 | D:3      | Noticed Natasha
  6823 | D:3      | Killed Natasha
  7155 | Temple   | Became a worshipper of Warmaster Okawaru
  7711 | D:5      | Found an opulent altar of Gozag.
  7897 | D:6      | Reached skill level 7 in Spellcasting
  7897 | D:6      | Reached XP level 8. HP: 12/37 MP: 19/19
  8390 | D:6      | Reached * piety under Okawaru
  8428 | D:6      | Reached skill level 1 in Fighting
  8551 | D:6      | Learned a level 4 spell: Ice Form
  9371 | D:7      | You fall into a shaft and drop 2 floors!
  9408 | D:9      | Noticed a two-headed ogre
  9430 | D:9      | Killed a two-headed ogre
  9431 | D:9      | Reached skill level 8 in Spellcasting
  9431 | D:9      | Reached XP level 9. HP: 26/41 MP: 22/22
  9477 | D:9      | Reached ** piety under Okawaru
  9591 | D:9      | Found a bloodstained altar of Trog.
  9734 | D:9      | Found Ypucolir's Magic Scroll Shop.
  9858 | D:9      | Noticed Maurice
  9860 | D:10     | Entered Level 10 of the Dungeon
  9880 | D:10     | Reached skill level 9 in Spellcasting
  9929 | D:10     | Reached skill level 10 in Stealth
 10071 | D:10     | Noticed a two-headed ogre
 10085 | D:9      | Killed Maurice
 10218 | D:9      | Reached skill level 10 in Spellcasting
 10312 | D:8      | Reached *** piety under Okawaru
 10313 | D:8      | Reached skill level 1 in Shields
 10699 | D:8      | Reached skill level 5 in Dodging
 10702 | D:8      | Reached XP level 10. HP: 35/46 MP: 24/25
 10856 | D:8      | Found a burning altar of Makhleb.
 10856 | D:8      | Noticed a green death
 10901 | D:8      | Found a glowing silver altar of Zin.
 10914 | D:8      | Found a shimmering altar of Xom.
 10957 | D:8      | Found a white marble altar of Elyvilon.
 10960 | D:8      | Noticed Erica
 10966 | D:8      | Killed Erica
 10990 | D:8      | Reached skill level 5 in Short Blades
 10996 | D:8      | Found a shimmering blue altar of Sif Muna.
 11049 | D:8      | Reached skill level 11 in Spellcasting
 11127 | D:8      | Noticed Maggie
 11132 | D:8      | Reached skill level 1 in Transmutations
 11309 | D:9      | Reached **** piety under Okawaru
 11551 | D:9      | Bought a scroll of enchant weapon for 105 gold pieces
 11551 | D:9      | Bought a scroll of identify for 28 gold pieces
 11819 | D:8      | Found a blossoming altar of Fedhas.
 11964 | D:8      | Found a radiant altar of Vehumet.
 11996 | D:8      | Killed Maggie
 11996 | D:8      | Reached ***** piety under Okawaru
 12518 | D:8      | Found a sparkling altar of Nemelex Xobeh.
 12524 | D:8      | Noticed Gastronok
 12538 | D:8      | Killed Gastronok
 12539 | D:8      | Reached XP level 11. HP: 25/50 MP: 17/27
 13532 | D:7      | Found a glowing golden altar of the Shining One.
 14206 | D:7      | Found a shadowy altar of Dithmenos.
 14522 | D:10     | Found a staircase to the Lair.
 14579 | D:10     | Reached skill level 10 in Dodging
 14599 | D:10     | Reached ****** piety under Okawaru
 14599 | D:10     | Received a gift from Okawaru
 14905 | D:10     | Noticed an unseen horror
 14914 | D:10     | Killed an unseen horror
 15008 | D:10     | Noticed a green ugly thing
 15061 | D:10     | Killed a green ugly thing
 15172 | D:10     | Noticed an orc knight
 15214 | D:10     | Killed an orc knight
 15387 | D:10     | Killed a two-headed ogre
 15672 | D:10     | Noticed an orc knight
 15676 | D:10     | Killed an orc knight
 16116 | D:11     | Found a portal to a secret trove of treasure.
 16186 | D:11     | Reached XP level 12. HP: 54/54 MP: 28/28
 16338 | D:11     | Learned a level 3 spell: Dazzling Flash
 16594 | D:11     | Reached skill level 12 in Spellcasting
 17334 | D:12     | Found a staircase to the Orcish Mines.
 17430 | D:12     | Reached skill level 10 in Hexes
 17517 | D:12     | Noticed a five-headed hydra
 17532 | D:12     | Noticed Nergalle
 17786 | D:12     | Killed Nergalle
 17842 | D:12     | Received a gift from Okawaru
 17846 | D:12     | Killed a five-headed hydra
 17852 | D:12     | Got a fine robe {god gift}
 17863 | D:12     | Identified the +0 robe of Iqimaif {rElec} (Okawaru gifted
                  | it to you on level 12 of the Dungeon)
 18047 | D:12     | Reached skill level 13 in Spellcasting
 18142 | D:12     | Noticed a white very ugly thing
 18516 | D:12     | Identified Xyusef's Almanac of Creative Toxins
 18523 | D:12     | Learned a level 4 spell: Cause Fear
 18527 | D:12     | Learned a level 3 spell: Ignite Poison
 18647 | D:12     | Reached skill level 1 in Armour
 18791 | D:12     | Killed a cyan very ugly thing
 18928 | D:13     | Reached XP level 13. HP: 58/58 MP: 31/31
 18990 | D:13     | Reached skill level 14 in Spellcasting
 19153 | D:13     | Found a gate to the Vaults.
 19640 | D:13     | Found a large runed translucent door.
 19640 | D:13     | Found a large runed translucent door.
 19641 | D:13     | Noticed mike2r's ghost (journeyman GrEE)
 19672 | D:13     | Killed mike2r's ghost
 19672 | D:13     | Received a gift from Okawaru
 20762 | D:14     | Reached skill level 15 in Spellcasting
 21219 | D:14     | Noticed an ettin
 21224 | D:14     | Found a roughly hewn altar of Beogh.
 21224 | D:14     | Found a transporter.
 21224 | D:14     | Noticed an ettin
 21277 | D:14     | Found a transporter.
 21430 | D:15     | Entered Level 15 of the Dungeon
 21832 | D:15     | Received a gift from Okawaru
 22330 | D:15     | Reached skill level 16 in Spellcasting
 22330 | D:15     | Reached XP level 14. HP: 63/63 MP: 33/35
 22602 | Lair:1   | Entered Level 1 of the Lair of Beasts
 22856 | Lair:1   | You fall into a shaft and drop 1 floor!
 23766 | Lair:2   | Found a staircase to the Shoals.
 23792 | Lair:2   | HP: 3/63 [yak (15)]
 24480 | Lair:2   | Found a staircase to the Snake Pit.
 24956 | Lair:3   | Received a gift from Okawaru
 25166 | Lair:3   | Noticed Rupert
 25187 | Lair:3   | Killed Rupert
 25187 | Lair:3   | Received a gift from Okawaru
 25188 | Lair:3   | Reached skill level 17 in Spellcasting
 25432 | Lair:3   | Reached skill level 15 in Hexes
 25937 | Lair:4   | Noticed Kirke
 25955 | Lair:4   | Killed Kirke
 27420 | Lair:4   | Slain by a yak

Illustrated notes

Levels and vault maps discovered:
D:1:      minmay_arrival_wavy_path, layout_basic,
          amcnicky_mini_rare_corridor_liquid, minmay_pentomino_u2
D:2:      layout_basic
D:3:      layout_rooms, uniq_natasha, uniq_terence
D:4:      layout_basic, old_standard_altar, minmay_temple_entry_junction,
          gammafunk_ghost_mausoleum, hangedman_decor_points, corner_web_ring
D:5:      layout_loops_ring, gammafunk_temple_overflow_claw,
          nicolae_gozag_seed_capital, uniq_eustachio
D:6:      layout_basic
D:7:      minmay_flawed_box, layout_gridville, marbit_many_paths,
          nicolae_tso_besieged_by_evil
D:8:      layout_basic, makhleb_altar_promises_db, led_sif_book,
          nicolae_overflow_crystal_walls, general_overflow_altar,
          nemelex_altar_shiori, vehumet_altar_wand_db, lemuel_doored_altar,
          introduction_to_nature_2, uniq_erica, uniq_maggie, uniq_gastronok
D:9:      layout_small_grid, serial_shops, shop, hangedman_abyss_or_decor_stabs,
          trog_ov_bears_minmay, uniq_maurice
D:10:     layout_irregular_city, due_lair_maze_entry_diamond, kb_rosetta
D:11:     layout_irregular_city, nicolae_trove_entry_crossroad,
          chequers_serial_rivers_room_b
D:12:     cheibrodos_breeding_chamber, layout_irregular_city, erik_orc_4,
          uniq_nergalle
D:13:     layout_stronghold, david_vaults_5, ebering_ghost_disaster_area,
          kennysheep_generic_room_4
D:14:     gammafunk_beogh_shrine, layout_basic, minmay_misc_feat_roman
D:15:     gammafunk_enter_depths_forms, layout_stronghold, serial_column_ruins,
          column_ruins_corridor_straight, column_ruins_grid_1,
          column_ruins_grid_1, column_ruins_open_tiny,
          column_ruins_columns_corner, column_ruins_corridor_straight,
          column_ruins_columns_corner, chequers_serial_rivers_room_b,
          chequers_garden, minmay_misc_feat_pillars
Temple:   jpeg_temple_alley_garden
Lair:1:   layout_small_grid, grunt_megastairs_2, infiniplex_staircase_pool_2
Lair:2:   layout_regular_city, minmay_shoals_entry_centaurs,
          minmay_snake_entry_six_corridors
Lair:3:   layout_regular_city, minmay_lair_oklob_chamber, uniq_rupert
Lair:4:   layout_layer_cave, guppyfry_lair_drakes, infiniplex_staircase_pool,
          lemuel_fruit_tree, uniq_kirke
Lair:5:   layout_regular_city, serial_bayou_shore_a

Skill      XL: |  1  2  3  4  5  6  7  8  9 10 11 12 13 14 |
---------------+-------------------------------------------+-----
Hexes          | 4 5 6 7 8 9 11 13 15 | 15.4
Spellcasting   | 3 4 5 7 8 10 11 13 16 17 | 17.5
Ice Magic      | 1 2 |  2.2
Stealth        | 5 6 9 11 13 | 13.4
Short Blades   | 2 3 4 5 6 |  6.6
Fighting       | 1 2 |  2.1
Dodging        | 4 5 8 12 13 14 | 14.9
Shields        | 1 |  1.4
Transmutations | 6 8 |  8.9
Armour         | 1 2 3 |  3.0
Invocations    | |  0.2

Action                   |  1- 3 |  4- 6 |  7- 9 | 10-12 | 13-15 || total
-------------------------+-------+-------+-------+-------+-------++-------
Melee: Dagger            |    69 |   111 |   261 |   734 |   764 ||  1939
       Unarmed           |       |       |       |       |    28 ||    28
 Cast: Corona            |    13 |     2 |     1 |    12 |    14 ||    42
       Ensorcelled Hiber |    20 |    72 |    99 |   142 |   114 ||   447
       Confusing Touch   |       |     5 |    17 |   107 |   116 ||   245
       Ice Form          |       |       |       |       |     1 ||     1
       Dazzling Flash    |       |       |       |       |     1 ||     1
Invok: Heroism           |       |       |       |       |     2 ||     2
  Use: Potion            |       |     3 |     1 |     3 |       ||     7
       Scroll            |       |     5 |     2 |     8 |    20 ||    35
 Stab: Sleeping          |    21 |    49 |    59 |    98 |   102 ||   329
       Confused          |       |     3 |    12 |    73 |    97 ||   185
       Distracted        |       |       |       |     3 |     2 ||     5
Armor: Robe              |     7 |     6 |    43 |    43 |       ||    99
       Troll leather arm |       |       |       |    11 |    92 ||   103
       Skin              |       |       |       |       |    10 ||    10
Dodge: Dodged            |    69 |    90 |   232 |   543 |   730 ||  1664
Block: Buckler           |       |       |    46 |   170 |   208 ||   424
